 Dungeon Crawl Stone Soup version 0.24.0-1-gfbc8707 (webtiles) character file.

Game seed: 15104468831036040378, levelgen mode: deterministic

117352 Bregath the Basher (level 16, -22/137 HPs)
             Began as a Hill Orc Berserker on Nov 1, 2019.
             Was the Champion of Trog.
             Killed by the raging water
             ... invoked by a water nymph
              (25 damage)
             ... on level 1 of the Shoals.
             The game lasted 01:27:54 (23968 turns).

Bregath the Basher (Hill Orc Berserker)            Turns: 23968, Time: 01:27:55

Health: -22/137    AC: 37    Str: 23    XL:     16   Next: 73%
Magic:  23/23      EV: 13    Int:  9    God:    Trog [******]
Gold:   1715       SH: 13    Dex: 12    Spells: 15/15 levels left

rFire    . . .     SeeInvis +   z - +5 broad axe (freeze)
rCold    . . .     Gourm    .   q - +0 shield
rNeg     . . .     Faith    .   f - +15 Maxwell's patent armour {-Cast -Tele rElec MR+ rCorr}
rPois    .         Spirit   .   w - +0 helmet
rElec    +         Reflect  .   n - scarf {cloud immunity}
rCorr    +         Harm     .   a - +0 pair of gloves
MR       ++++.     NoTele   +   S - +2 pair of boots {run} Stlth ..........NoCast +
                                u - amulet of the acrobat
HPRegen  1.32/turn              E - +2 ring of evasion
MPRegen  0.18/turn              H - ring of see invisible

@: berserk cooldown, regenerating, slowed, studying Polearms, very slow
A: talons 1, deterioration 1, mutation resistance 1
a: Berserk, Trog's Hand, Brothers in Arms, Renounce Religion


You were on level 1 of the Shoals.
You worshipped Trog.
Trog was exalted by your worship.
You were very hungry.

You visited 5 branches of the dungeon, and saw 25 of its levels.
You also visited: Ice Cave.

You collected 3139 gold pieces.
You spent 1424 gold pieces at shops.

Inventory:

Hand Weapons
 z - a +5 broad axe of freezing (weapon)
 B - a +8 morningstar of freezing
Armour
 a - a +0 pair of gloves (worn)
 f - the +15 Maxwell's patent armour (worn) {-Cast -Tele rElec MR+ rCorr}
   (You found it on level 5 of the Dungeon)

   It insulates you from electricity.
   It affects your resistance to hostile enchantments.
   It prevents spellcasting.
   It prevents most forms of teleportation.
   It provides partial protection from all sources of acid and corrosion.
 n - a scarf of cloud immunity (worn)
 q - a +0 shield (worn)
 w - a +0 helmet (worn)
 K - the +2 ring mail of Oblivion {rPois rF+ rC++ rN+}
   (You bought it in a shop on level 2 of the Orcish Mines)

   It protects you from fire.
   It greatly protects you from cold.
   It protects you from poison.
   It protects you from negative energy.
 P - a +0 cloak
 S - a +2 pair of boots of running (worn)
Jewellery
 u - an amulet of the acrobat (around neck)
 E - a +2 ring of evasion (left hand)
 H - a ring of see invisible (right hand)
 L - an uncursed ring of flight
Wands
 d - a wand of paralysis (13)
 i - a wand of iceblast (16)
 l - a wand of polymorph (9)
 F - a wand of digging (5)
 I - a wand of acid (8)
Scrolls
 e - 9 scrolls of teleportation
 m - a scroll of holy word
 p - 2 scrolls of fear
 s - 6 scrolls of remove curse
 t - 3 scrolls of magic mapping
 v - 2 scrolls of fog
 y - a scroll of torment
 A - 4 scrolls of blinking
Potions
 b - a potion of cancellation
 g - 3 potions of flight
 h - a potion of heal wounds
 j - a potion of mutation
 k - 8 potions of curing
 D - 3 potions of might
 G - 5 potions of agility
 J - 4 potions of haste
 O - 2 potions of brilliance
 R - a potion of resistance
Books
 x - a manual of Polearms
Comestibles
 c - 45 rations
 o - 4 chunks of flesh


   Skills:
 + Level 11.2 Fighting
 + Level 9.8(14.2) Axes
 + Level 14.2(14.9) Maces & Flails
 * Level 13.1 Armour
 * Level 9.5 Dodging
 * Level 9.9 Stealth
 * Level 11.7 Shields
 * Level 10.1 Evocations


You had 15 spell levels left.
You didn't know any spells.
Your spell library was empty.

Dungeon Overview and Level Annotations

Branches:
Dungeon (15/15)            Temple (0/1) D:6            Lair (6/6) D:9
 Shoals (1/4) Lair:2        Snake (1/4) Lair:4        Slime (0/5) Lair:5
    Orc (2/2) D:9             Elf (0/3) Orc:2        Vaults (0/5) D:13
 Depths (0/5) D:15          IceCv (visited)

Altars:
Hepliaklqana
Kikubaaqudgha
Qazlal
Vehumet
Wu Jian
Zin
Jiyva

Shops:
Orc:2 :(=}(*:

Annotations:
D:9 2 runed translucent doors


Innate Abilities, Weirdness & Mutations

You have sharp toenails.
Your body sometimes deteriorates upon taking damage.
You are somewhat resistant to further mutation.


Message History

The merfolk impaler is blown away by the wind.
You block the merfolk impaler's attack. x2
Things that are here:
a +0 rapier; a +0 robe; a merfolk corpse You feel a strong urge to attack something.
A water nymph comes into view.
The merfolk impaler completely misses you.
You block the wind drake's attack.
Things that are here:
a +0 trident; 4 boomerangs Your unstable footing causes you to fumble your attack.
You are no longer berserk.
You are exhausted.
You feel yourself slow down.
The water nymph shouts!
The merfolk impaler hits you with a +0 trident!
* * * LOW HITPOINT WARNING * * *
The water nymph gestures at you while chanting.
The water swirls and strikes you!!
You die...

≈≈m≈≈≈≈≈≈≈≈≈≈≈≈≈...
#..≈≈≈≈≈≈≈≈≈≈≈≈≈≈≈≈....
..≈≈≈≈≈P≈≈≈≈≈≈≈≈≈≈≈....
.≈≈≈P≈≈≈≈≈≈≈≈§≈○°≈≈≈...
.≈≈≈≈≈≈P≈≈≈≈≈≈≈≈≈≈≈....
≈≈≈≈≈≈≈≈≈≈≈≈§°≈§≈.≈≈...
>≈≈≈≈≈≈≈..≈≈≈≈°≈≈..≈...
...≈≈≈≈...†.≈m@≈))≈≈≈...
..≈≈.≈≈.......k)....≈≈..
..≈≈......###?..≈)≈(.≈≈/.
≈≈.≈≈≈...≈.###.).)≈≈..≈≈≈≈
≈≈.≈≈.≈...........≈≈..≈≈≈.≈
≈..≈≈.≈≈........≈...≈≈≈≈≈≈≈
....≈≈≈≈......#.......≈≈≈≈.
...≈≈≈≈≈..#...#######.≈≈≈≈.
...≈≈≈≈≈......# #.≈≈≈≈


You could see a merfolk impaler, a wind drake and a water nymph.

Vanquished Creatures
  Rupert (Orc:2)
  An orc warlord (Orc:1)
  A reaper (IceCv)
  A stone giant (Orc:2)
  Nessos (D:15)
  The ghost of Bigaod the Fighter, a journeyman DsGl of Ru (Orc:1)
  Josephine (D:14)
  3 ogre magi
  2 fire dragons
  3 catoblepae (Lair:6)
  9 hydras
  4 vault guards (D:13)
  2 centaur warriors (D:13)
  An ice dragon (D:15)
  14 two-headed ogres
  A merfolk aquamancer (Shoals:1)
  4 death yaks (Lair:6)
  Erica (D:10)
  An orc high priest (D:9)
  Nergalle (Lair:2)
  A fire crab (Lair:6)
  2 unseen horrors
  2 deep trolls (Orc:2)
  The ghost of edsrzf the Basher, a novice OgGl of Cheibriados (D:6)
  2 sea snakes
  2 lindwurms (Lair:6)
  2 orc knights (Orc:1)
  A wizard (D:15)
  3 orc sorcerers
  A necromancer (D:15)
  5 manticores
  7 ugly things
  5 cyclopes
  3 black mambas
  4 merfolk sirens
  2 ice statues (IceCv)
  14 elephants
  10 spiny frogs
  A naga mage (Lair:4)
  7 torpor snails (Lair:6)
  A gargoyle (D:13)
  An efreet (D:15)
  8 komodo dragons
  6 rime drakes
  3 guardian mummies (D:14)
  10 ice devils (IceCv)
  A polar bear (Lair:3)
  8 merfolk
  2 wind drakes
  A queen bee (D:10)
  14 trolls
  8 hornets (Lair:6)
  3 tyrant leeches (Lair:6)
  17 hippogriffs
  2 snapping turtles (Shoals:1)
  17 blink frogs
  2 dream sheep (Lair:6)
  2 shadows
  A vampire (D:14)
  7 humans (D:13)
  4 basilisks
  4 wraiths
  2 wyverns
  31 yaks
  A steam dragon (Lair:3)
  2 water elementals (D:14)
  2 hungry ghosts
  6 vampire mosquitoes
  5 wargs
  A redback simulacrum (D:15)
  A naga (Lair:4)
  A soldier ant (D:13)
  19 water moccasins
  10 porcupines
  29 orc warriors
  An eye of draining (D:10)
  2 sky beasts
  4 black bears
  29 ogres
  2 necrophages
  2 ice beasts
  2 phantoms
  5 centaurs
  7 wolves
  16 crocodiles
  4 big kobolds
  14 bullfrogs
  A wyvern zombie (D:13)
  5 scorpions
  28 killer bees
  3 wights (D:11)
  A howler monkey (D:6)
  4 crimson imps
  A bullfrog zombie (D:8)
  2 jellies
  7 centaur skeletons
  A centaur zombie (D:7)
  10 hounds
  24 orc wizards
  A quasit (D:11)
  3 bullfrog skeletons
  15 orc priests
  Natasha (twice) (D:3)
  4 yak simulacra (D:15)
  7 worker ants
  2 polar bear simulacra (D:15)
  3 wolf simulacra (D:15)
  A hound zombie (D:6)
  A hound skeleton (D:7)
  3 mummies (D:14)
  A worker ant zombie (D:9)
  7 gnolls
  9 adders
  2 shadow imps
  21 white imps
  5 ufetubi (IceCv)
  2 oozes
  An adder zombie (D:6)
  3 adder skeletons (D:5)
  3 worms
  A dart slug (D:2)
  7 leopard geckos
  120 orcs
  3 ball pythons
  6 giant cockroaches
  12 goblins
  8 hobgoblins
  10 jackals
  5 quokkas
  6 bats
  6 frilled lizards
  A giant cockroach zombie (D:5)
  A jackal skeleton (D:8)
  30 kobolds
  A leopard gecko skeleton (D:9)
  A quokka skeleton (D:6)
  8 rats
  2 river rat simulacra (D:15)
  A plant (Shoals:1)
860 creatures vanquished.

Vanquished Creatures (collateral kills)
  Jorgrun (D:14)
  5 ugly things (D:14)
  2 yaks (D:14)
  A basilisk (D:14)
  A mummy (D:14)
  A shadow imp (D:14)
11 creatures vanquished.

Vanquished Creatures (others)
  An ugly thing (D:12)
  A guardian mummy (D:14)
  A human (D:13)
  5 white imps (IceCv)
  2 ufetubi (IceCv)
  7 fungi
  21 plants
38 creatures vanquished.

Grand Total: 909 creatures vanquished

Notes
Turn   | Place    | Note
-------+----------+-------------------------------------------
     0 | D:1      | Bregath the Hill Orc Berserker began the quest for the Orb.
     0 | D:1      | Reached XP level 1. HP: 19/19 MP: 1/1
   294 | D:1      | Reached XP level 2. HP: 27/27 MP: 2/2
   613 | D:1      | Reached XP level 3. HP: 14/33 MP: 3/3
   814 | D:1      | Reached ** piety under Trog
  1056 | D:2      | Reached skill level 1 in Stealth
  1244 | D:2      | Reached XP level 4. HP: 26/40 MP: 4/4
  1713 | D:3      | Reached skill level 5 in Axes
  1805 | D:3      | Found a stormy altar of Qazlal.
  1949 | D:3      | Noticed Natasha
  1976 | D:3      | Killed Natasha
  1976 | D:3      | Reached XP level 5. HP: 25/46 MP: 5/5
  2282 | D:3      | Reached *** piety under Trog
  2392 | D:3      | Noticed Natasha
  2414 | D:3      | Killed Natasha
  2813 | D:4      | Reached XP level 6. HP: 52/53 MP: 6/6
  3249 | D:5      | Entered Level 5 of the Dungeon
  3283 | D:5      | Reached XP level 7. HP: 56/60 MP: 7/7
  3373 | D:5      | Found the +15 Maxwell's patent armour {-Cast -Tele rElec
                  | MR+ rCorr}
  3376 | D:5      | Found a radiant altar of Vehumet.
  3376 | D:5      | Found an ancient bone altar of Kikubaaqudgha.
  3406 | D:5      | Found a glowing silver altar of Zin.
  3406 | D:5      | Found a hazy altar of Hepliaklqana.
  3406 | D:5      | Found an ornate altar of the Wu Jian Council.
  3477 | D:5      | Reached skill level 5 in Armour
  3727 | D:5      | Reached skill level 5 in Fighting
  3744 | D:5      | Reached **** piety under Trog
  3744 | D:5      | Reached XP level 8. HP: 68/68 MP: 8/8
  4443 | D:6      | Found a staircase to the Ecumenical Temple.
  4673 | D:6      | Found a transporter.
  4737 | D:6      | Found a transporter.
  4738 | D:6      | Noticed edsrzf's ghost (novice OgGl)
  4957 | D:6      | Reached skill level 1 in Evocations
  4965 | D:6      | Killed edsrzf's ghost
  4965 | D:6      | Reached XP level 9. HP: 75/75 MP: 8/10
  5114 | D:7      | Reached skill level 1 in Maces & Flails
  5172 | D:7      | Reached skill level 2 in Maces & Flails
  5316 | D:7      | Reached skill level 3 in Maces & Flails
  5914 | D:8      | Reached XP level 10. HP: 71/83 MP: 12/12
  6070 | D:8      | Reached skill level 4 in Maces & Flails
  6764 | D:9      | Reached skill level 5 in Maces & Flails
  6764 | D:9      | Reached skill level 5 in Dodging
  6764 | D:9      | Reached skill level 5 in Stealth
  6827 | D:9      | Noticed a two-headed ogre
  6837 | D:9      | Killed a two-headed ogre
  6866 | D:9      | Reached skill level 6 in Maces & Flails
  6942 | D:9      | Found a staircase to the Orcish Mines.
  6951 | D:9      | Found a staircase to the Lair.
  7081 | D:9      | Noticed an ice dragon
  7082 | D:9      | Noticed a fire dragon
  7083 | D:9      | Found a runed translucent door.
  7083 | D:9      | Found a runed translucent door.
  7083 | D:9      | Noticed an ice dragon
  7084 | D:9      | Found the +2 shield of Resistance {rF+ rC+ MR+}
  7084 | D:9      | Noticed a fire dragon
  7301 | D:10     | Entered Level 10 of the Dungeon
  7305 | D:10     | Reached ***** piety under Trog
  7541 | D:10     | Reached skill level 7 in Maces & Flails
  7541 | D:10     | Reached XP level 11. HP: 82/92 MP: 14/14
  7814 | D:10     | Noticed a two-headed ogre
  7821 | D:10     | Killed a two-headed ogre
  7821 | D:10     | Reached skill level 5 in Evocations
  7866 | D:10     | Noticed Erica
  7921 | D:10     | Killed Erica
  7936 | D:10     | Reached skill level 8 in Maces & Flails
  8316 | D:10     | Noticed Fannar
  8319 | D:10     | Noticed Fannar
  8319 | D:10     | Fannar changed into Fannar the sea snake
  8328 | D:10     | Killed Fannar the sea snake
  8617 | D:11     | Noticed a two-headed ogre
  8624 | D:11     | Killed a two-headed ogre
  8638 | D:11     | Received a gift from Trog
  8638 | D:11     | Reached skill level 1 in Shields
  8755 | D:11     | Noticed a purple ugly thing
  8763 | D:11     | Killed a purple ugly thing
  9146 | D:11     | Received a gift from Trog
  9294 | D:12     | Noticed a cyan ugly thing
  9294 | D:12     | Noticed a purple ugly thing
  9311 | D:12     | Killed a cyan ugly thing
  9311 | D:12     | Reached skill level 9 in Maces & Flails
  9311 | D:12     | Reached XP level 12. HP: 74/101 MP: 16/16
  9431 | D:12     | Noticed an ettin
 10275 | D:12     | Gained mutation: Your body sometimes deteriorates upon
                  | taking damage. [potion of mutation]
 10275 | D:12     | Gained mutation: You are somewhat resistant to further
                  | mutation. [potion of mutation]
 10275 | D:12     | Gained mutation: You have sharp toenails. [potion of
                  | mutation]
 10310 | D:13     | Noticed a centaur warrior
 10312 | D:13     | Noticed a centaur warrior
 10321 | D:13     | Killed a centaur warrior
 10326 | D:13     | Killed a centaur warrior
 10780 | D:13     | Reached skill level 10 in Armour
 11095 | D:13     | Noticed a vault guard
 11095 | D:13     | Noticed a vault guard
 11099 | D:13     | Noticed a vault guard
 11102 | D:13     | Noticed a vault guard
 11106 | D:13     | Killed a vault guard
 11106 | D:13     | Reached skill level 10 in Maces & Flails
 11115 | D:13     | Killed a vault guard
 11116 | D:13     | Identified the cursed +1 plate armour of Moaqo {Int+3}
 11130 | D:13     | Killed a vault guard
 11130 | D:13     | Reached skill level 5 in Shields
 11138 | D:13     | Killed a vault guard
 11179 | D:13     | Found a gate to the Vaults.
 11243 | D:13     | Reached XP level 13. HP: 75/108 MP: 18/18
 11778 | D:14     | Noticed Josephine
 11796 | D:14     | Killed Josephine
 11838 | D:14     | Noticed a reaper
 11838 | D:14     | Noticed a reaper
 11838 | D:14     | Noticed a reaper
 11838 | D:14     | Noticed a reaper
 11838 | D:14     | Noticed a reaper
 12204 | D:14     | Noticed Jorgrun
 12221 | D:14     | Killed Jorgrun
 12600 | D:14     | Reached skill level 11 in Maces & Flails
 13208 | D:15     | Entered Level 15 of the Dungeon
 13276 | D:15     | Noticed an ogre mage
 13288 | D:15     | Killed an ogre mage
 13410 | D:15     | Noticed an ice dragon
 13410 | D:15     | Noticed a fire dragon
 13414 | D:15     | Killed a fire dragon
 13419 | D:15     | Killed an ice dragon
 13443 | D:15     | Found a staircase to the Depths.
 13485 | D:15     | Received a gift from Trog
 13562 | D:15     | Reached XP level 14. HP: 97/117 MP: 19/19
 13598 | D:15     | Noticed Nessos
 13602 | D:15     | Killed Nessos
 13946 | Orc:1    | Entered Level 1 of the Orcish Mines
 14361 | Orc:1    | Received a gift from Trog
 14425 | Orc:1    | Found a transporter.
 14431 | Orc:1    | Found a transporter.
 14433 | Orc:1    | Noticed Bigaod's ghost (journeyman DsGl)
 14921 | Orc:1    | Killed Bigaod's ghost
 14921 | Orc:1    | Reached skill level 12 in Maces & Flails
 14975 | Orc:2    | Entered Level 2 of the Orcish Mines
 14975 | Orc:2    | Noticed Rupert
 15001 | Orc:2    | Killed Rupert
 15504 | Orc:2    | Found Jireinn's Book Shop.
 15608 | Orc:2    | Noticed an orc warlord
 15609 | Orc:2    | Found Ceqayn's Weapon Emporium.
 15830 | Orc:1    | Killed an orc warlord
 15986 | Orc:2    | Found Zoemumu's Jewellery Boutique.
 15999 | Orc:2    | Noticed a stone giant
 16226 | Orc:2    | Killed a stone giant
 16521 | Orc:2    | Reached ****** piety under Trog
 16631 | Orc:2    | Reached skill level 10 in Fighting
 16691 | Orc:2    | Found Ytyd's Antique Weapon Shoppe.
 16782 | Orc:2    | Received a gift from Trog
 16798 | Orc:2    | Found Tufuceot's Book Shoppe.
 16802 | Orc:2    | Found Tuevurun's Assorted Antiques.
 16862 | Orc:2    | Bought a scroll of identify for 64 gold pieces
 16862 | Orc:2    | Bought a potion of haste for 320 gold pieces
 16862 | Orc:2    | Bought a scroll of identify for 64 gold pieces
 16862 | Orc:2    | Bought a potion of curing for 96 gold pieces
 16862 | Orc:2    | Bought a scroll of teleportation for 96 gold pieces
 16862 | Orc:2    | Bought a scroll labeled RARONLU QIEPRU for 32 gold pieces
 16862 | Orc:2    | Bought a scorched ring mail for 288 gold pieces
 16863 | Orc:2    | Identified the +2 ring mail of Oblivion {rPois rF+ rC++
                  | rN+} (You bought it in a shop on level 2 of the Orcish
                  | Mines)
 16905 | Orc:2    | Reached XP level 15. HP: 125/125 MP: 21/21
 17025 | Orc:2    | Found Batisati's Gadget Emporium.
 17027 | Orc:2    | Found a staircase to the Elven Halls.
 17045 | Orc:2    | Bought a wand of iceblast (7) for 176 gold pieces
 17045 | Orc:2    | Bought a wand of acid (5) for 288 gold pieces
 17242 | Lair:1   | Entered Level 1 of the Lair of Beasts
 17297 | Lair:1   | Found a frozen archway.
 17326 | IceCv    | Entered an ice cave
 17727 | IceCv    | Found the +5 demon whip "Spellbinder" {antimagic, MR+}
 18237 | Lair:2   | Reached skill level 13 in Maces & Flails
 18529 | Lair:2   | Received a gift from Trog
 18570 | Lair:2   | Noticed Nergalle
 18577 | Lair:2   | Killed Nergalle
 18677 | Lair:2   | Found a staircase to the Shoals.
 19142 | Lair:3   | Reached skill level 10 in Shields
 19997 | Lair:4   | Found a staircase to the Snake Pit.
 20465 | Lair:5   | Received a gift from Trog
 20939 | Lair:5   | Found a viscous altar of Jiyva.
 20940 | Lair:5   | Found a staircase to the Slime Pits.
 21216 | Lair:6   | Entered Level 6 of the Lair of Beasts
 21226 | Lair:6   | Reached XP level 16. HP: 135/135 MP: 23/23
 22136 | Lair:6   | Found a runed translucent door.
 22165 | Lair:6   | Reached skill level 14 in Maces & Flails
 22583 | Lair:6   | Identified a +0 pair of boots of running (You found it on
                  | level 6 of the Lair of Beasts)
 22945 | Lair:6   | Reached skill level 10 in Evocations
 23426 | Snake:1  | Entered Level 1 of the Snake Pit
 23456 | Lair:4   | Identified a scroll of acquirement
 23790 | Shoals:1 | Entered Level 1 of the Shoals
 23867 | Shoals:1 | Received a gift from Trog
 23968 | Shoals:1 | HP: 3/137 [merfolk impaler/+0 trident (12)]
 23968 | Shoals:1 | Killed from afar by a water nymph

Levels and vault maps discovered:
D:1:      evilmike_arrival_run_for_it, layout_rooms, minmay_misc_feat_pillars,
          minmay_misc_feat_rows
D:2:      layout_basic
D:3:      layout_basic, grunt_qazlal_sundering, first_ration, uniq_natasha
D:4:      layout_rooms
D:5:      layout_basic, grunt_temple_overflow_open, serial_glass,
          glass_columns_c, glass_columns_c, minmay_misc_feat_rugged,
          serial_bayou_pond_a, bh_walls_and_bars
D:6:      layout_rooms, temple_fountains, gammafunk_ghost_smash,
          grunt_ministairs_10, minmay_manual_mares
D:7:      layout_cave_pools
D:8:      layout_basic
D:9:      layout_basic, lair_entry_dummy, erik_orc_4, hangedman_fish_farm,
          minmay_guarded_unrand_resistance
D:10:     layout_basic, special_room [special_room_bee], uniq_fannar, uniq_erica
D:11:     layout_gridville
D:12:     giant_chief_lemuel, layout_basic
D:13:     layout_basic, ximxim_vaults_locker_room
D:14:     wander_river, layout_long_grid, nicolae_water_bricks,
          minmay_guarded_unrand_curses, uniq_jorgrun, uniq_josephine
D:15:     grunt_enter_depths_hoard, layout_cave_pools,
          chequers_decorated_corner, eino_house_with_fridge, uniq_nessos
Lair:1:   layout_big_grid, portal_ice_cave_entry_imps
Lair:2:   layout_small_grid, minmay_shoals_entry_lonely_mermaid, uniq_nergalle
Lair:3:   statuecave_lemuel, layout_cave_shapes
Lair:4:   layout_regular_city, guppyfry_snake_entry_garden,
          chequers_serial_rivers_micro_c, grunt_megastairs_5
Lair:5:   layout_cave_pods, slime_altar_1
Lair:6:   hangedman_lair_in_review, layout_big_grid, wormcave,
          nicolae_lair_yak_garden
Shoals:1: layout_shoals, nicolae_shoals_loop_pool
Snake:1:  cheibrodos_toxic_ritual, layout_cave_shapes, grunt_megastairs_1
Orc:1:    layout_caves, gammafunk_ghost_arena, minmay_orc_barracks
Orc:2:    st_orc_open, layout_diamond_mine, serial_shops, shop_fountains, shop,
          nicolae_shop_overgrown_old_shop, uniq_rupert

Skill      XL: |  1  2  3  4  5  6  7  8  9 10 11 12 13 14 15 16 |
---------------+-------------------------------------------------+-----
Fighting       | 4 5 6 7 8 9 10 11 | 11.2
Stealth        | 1 2 4 5 6 7 8 9 |  9.9
Dodging        | 2 3 4 5 6 7 8 9 |  9.5
Axes           | 5 6 7 9 |  9.8
Armour         | 3 4 5 6 7 8 9 10 11 12 13 | 13.1
Evocations     | 2 3 4 5 6 7 8 9 10 | 10.1
Maces & Flails | 3 7 9 10 11 12 13 14 | 14.2
Shields        | 2 5 7 9 10 11 | 11.7

Action                   |  1- 3 |  4- 6 |  7- 9 | 10-12 | 13-15 | 16-18 || total
-------------------------+-------+-------+-------+-------+-------+-------++-------
Melee: Hand axe          |   161 |   240 |   230 |       |       |       ||   631
       Dire flail        |       |       |   128 |   372 |       |       ||   500
       Morningstar       |       |       |       |   311 |  1293 |   358 ||  1962
       Kick              |       |       |       |    56 |   353 |   106 ||   515
       Broad axe         |       |       |       |       |       |    75 ||    75
Invok: Berserk           |     1 |     3 |     3 |     3 |     4 |     3 ||    17
       Trog's Hand       |       |     4 |     3 |     7 |     9 |     5 ||    28
       Brothers in Arms  |       |       |       |       |     1 |       ||     1
Evoke: Wand              |       |       |    18 |     6 |    32 |    32 ||    88
  Use: Potion            |       |     1 |     3 |     3 |     2 |     5 ||    14
       Scroll            |       |       |     8 |     6 |    11 |    11 ||    36
 Stab: Sleeping          |     1 |       |       |       |       |       ||     1
       Petrified         |       |       |       |       |       |     7 ||     7
  Eat: Chunk             |     2 |     7 |    12 |    19 |    35 |    14 ||    89
       Ration            |       |     1 |       |     3 |     2 |       ||     6
Armor: Animal skin       |    15 |       |       |       |       |       ||    15
       Ring mail         |    40 |    72 |     3 |       |       |       ||   115
       Plate armour      |       |       |   474 |   538 |   665 |   294 ||  1971
Dodge: Dodged            |   126 |   162 |   248 |   291 |   520 |   281 ||  1628
Block: Shield            |       |       |       |   198 |   768 |   359 ||  1325
